Map: Ruins of Seras

Players

TheMaster

  • Race: Protoss Protoss
  • League: Gold

Grumm - Winner!

  • Race: Protoss Protoss
  • League: Gold

VOD

Have the link to the VOD?

Description

Time

  • Played on: Jan. 19, 2016, 8:31 p.m.
  • Length: 7:20
Show
View Real Time Build Order
Export as new Build Order

TheMaster Protoss 

Build Orders: Nexus First 

Get SALT Encoding   

  12  0:04  Probe (Chrono Boost)  
  13  0:15  Probe (Chrono Boost)  
  13  0:20  Pylon  
  14  0:25  Probe (Chrono Boost)  
  15  0:38  Probe (Chrono Boost)  
  16  0:49  Probe (Chrono Boost)  
  17  1:01  Nexus  
  17  1:06  Probe (Chrono Boost)  
  18  1:16  Gateway  
  18  1:27  Assimilator  
  18  1:28  Probe (Chrono Boost)  
  18  1:31  Assimilator  
  19  1:39  Probe (Chrono Boost)  
  20  1:49  Probe (Chrono Boost)  
  20  1:51  Pylon  
  21  2:00  Probe (Chrono Boost)  
  22  2:09  Cybernetics Core  
  22  2:10  Probe (Chrono Boost)  
  23  2:15  Gateway  
  23  2:21  Probe (Chrono Boost)  
  24  2:27  Probe (Chrono Boost)  
  25  2:39  Pylon  
  25  2:46  Probe (Chrono Boost)  
  25  2:47  Probe (Chrono Boost)  
  25  2:49  Warp Gate  
  27  2:57  Mothership Core (Chrono Boost), Probe (Chrono Boost)  
  30  3:09  Zealot x2 (Chrono Boost)  
  29  3:48  Zealot x2 (Chrono Boost)  
  31  3:55  Gateway  
  31  4:07  Pylon  
  31  4:09  Probe x2  
  21  5:01  Probe x2  
  21  5:04  Stalker x3  
  29  5:13  Probe  
  29  5:14  Probe  
  31  5:26  Stalker, Probe x2  
  31  5:27  Zealot  
  37  5:38  Probe x2  
  37  5:41  Pylon  
  39  5:50  Probe x2  
  41  6:02  Probe x2  
  43  6:05  Robotics Facility  
  43  6:10  Sentry  
  45  6:22  Pylon  
  45  6:25  Pylon  
  45  6:27  Probe x2  
  47  6:39  Probe  
  46  6:42  Probe  
  47  6:51  Probe  
  48  6:55  Probe  
  53  7:06  Stalker  
  53  7:08  Zealot  
Show
View Real Time Build Order
Export as new Build Order

Grumm Protoss - Winner!

Build Orders: Oracle Opening 

Get SALT Encoding   

  12  0:01  Probe (Chrono Boost)  
  13  0:11  Probe (Chrono Boost)  
  14  0:19  Pylon  
  14  0:23  Probe (Chrono Boost)  
  15  0:34  Assimilator  
  15  0:40  Probe (Chrono Boost)  
  16  0:46  Gateway  
  16  0:51  Probe (Chrono Boost)  
  17  1:01  Probe (Chrono Boost)  
  18  1:12  Probe (Chrono Boost)  
  18  1:17  Gateway  
  19  1:20  Pylon  
  19  1:22  Probe (Chrono Boost)  
  20  1:36  Probe (Chrono Boost)  
  20  1:38  Zealot  
  23  1:45  Cybernetics Core  
  23  1:53  Assimilator  
  23  2:05  Zealot  
  23  2:06  Zealot  
  27  2:14  Probe (Chrono Boost)  
  28  2:22  Stargate  
  28  2:29  Warp Gate  
  28  2:32  Stalker  
  30  2:41  Adept  
  31  2:51  Pylon  
  29  3:46  Probe (Chrono Boost)  
  30  3:56  Oracle, Probe (Chrono Boost)  
  30  4:01  Gateway  
  30  4:03  Gateway  
  30  4:07  Probe (Chrono Boost)  
  31  4:35  Void Ray  
  35  4:42  Probe (Chrono Boost)  
  34  4:52  Probe (Chrono Boost)  
  33  5:02  Nexus  
  33  5:03  Probe (Chrono Boost)  
  33  5:04  Pylon  
  33  5:06  Pylon  
  34  5:08  Pylon  
  34  5:17  Zealot  
  34  5:18  Zealot  
  38  5:23  Stalker  
  38  5:24  Stalker  
  42  5:31  Forge  
  42  5:32  Void Ray  
  46  5:44  Stalker  
  46  5:45  Stalker  
  50  5:50  Sentry  
  50  5:54  Probe (Chrono Boost)  
  53  6:05  Photon Cannon  
  53  6:12  Pylon  
  53  6:17  Stalker  
  55  6:44  Stalker x4  
Tags
 
Add a new tag
Caveats
  • Supply blocks, unpowered buildings, or Contaminate may cause inaccurate times.
  • Supply counts are checked every 10 seconds.